 Dungeon Crawl Stone Soup version 0.29-a0-11-ga75d3d97ab (webtiles) character file.

Game seed: 16142474883210542382

135 garo1102 the Skirmisher (level 5, -1/33 HPs)
             Began as a Gargoyle Fighter on Jan 28, 2022.
             Slain by a wyvern skeleton (12 damage)
             ... on level 3 of the Dungeon.
             The game lasted 00:06:01 (2704 turns).

garo1102 the Skirmisher (Gargoyle Fighter)          Turns: 2704, Time: 00:06:02

Health: -1/33      AC: 15    Str: 21    XL:     5   Next: 18%
Magic:  5/5        EV:  9    Int:  9    God:
Gold:   64         SH:  4    Dex:  9    Spells: 4/4 levels left

rFire   . . .      SeeInvis .   a - +0 flail
rCold   . . .      Faith    .   c - +0 buckler
rNeg    + . .      Spirit   .   b - +0 scale mail
rPois   ∞          Reflect  .   k - +0 helmet
rElec   +          Harm     .   (no cloak)
rCorr   .          Rampage  .   (no gloves)
Will    .....                   i - +2 pair of boots
Stlth   ..........              (no amulet)
HPRegen 0.11/turn               (no ring)
MPRegen 0.09/turn               (no ring)

@: no status effects
A: sickness immunity, AC +4, negative energy resistance 1, electricity
resistance, torment resistance 1, petrification resistance
a: no special abilities


You were on level 3 of the Dungeon.
You visited 1 branch of the dungeon, and saw 3 of its levels.

You collected 64 gold pieces.

Inventory:

Hand Weapons
 a - a +0 flail (weapon)
Missiles
 l - a throwing net (quivered)
Armour
 b - a +0 scale mail (worn)
 c - a +0 buckler (worn)
 i - a +2 pair of boots (worn)
 k - a +0 helmet (worn)
Jewellery
 p - a +6 ring of intelligence
 q - a +6 ring of strength
Wands
 m - a wand of flame (24)
Scrolls
 e - a scroll of enchant weapon {unknown}
 j - 3 scrolls of vulnerability {unknown}
 n - a scroll of amnesia {unknown}
 o - 6 scrolls of identify {unknown}
 r - a scroll of magic mapping {unknown}
 s - a scroll of noise {unknown}
Potions
 d - a potion of might
 f - a potion of attraction {unknown}
 g - a potion of lignification {unknown}
 h - 4 potions of curing {unknown}
 t - a potion of degeneration {unknown}


   Skills:
 * Level 4.2 Fighting
 + Level 3.3 Maces & Flails
 + Level 3.9 Armour
 - Level 1.1 Dodging
 + Level 0.1 Stealth
 + Level 3.7 Shields
 + Level 0.1 Evocations


You had 4 spell levels left.
You didn't know any spells.
Your spell library was empty.

Dungeon Overview and Level Annotations

Branches:
Dungeon (3/15)

Altars:


Innate Abilities, Weirdness & Mutations

You are immune to sickness and miasma.
Your stone body is resilient. (AC +4)
You are immune to poison.
You resist negative energy. (rN+)
You are resistant to electric shocks. (rElec)
You are resistant to unholy torment.
You are immune to petrification.


Message History

The endoplasm is almost dead.
The endoplasm freezes you.
You are frozen.
You hit the endoplasm but do no damage.
The endoplasm is almost dead.
The endoplasm closely misses you.
You sock the endoplasm!
You kill the endoplasm!
No target in view!
No target in view!
Found a hunting sling.
A wyvern skeleton comes into view.
You hit the wyvern skeleton.
The wyvern skeleton is lightly damaged.
The wyvern skeleton bites you but does no damage.
You hit the wyvern skeleton.
The wyvern skeleton is lightly damaged.
The wyvern skeleton bites you but does no damage.
The wyvern skeleton closely misses you.
You sock the wyvern skeleton!
The wyvern skeleton is heavily damaged.
You block the wyvern skeleton's attack. The wyvern skeleton bites you.
You hit the wyvern skeleton but do no damage.
The wyvern skeleton is heavily damaged.
The wyvern skeleton bites you but does no damage.
You thump the wyvern skeleton!
The wyvern skeleton is severely damaged.
The wyvern skeleton closely misses you. You block the wyvern skeleton's attack.
You barely miss the wyvern skeleton.
The wyvern skeleton is severely damaged.
The wyvern skeleton bites you!
You barely miss the wyvern skeleton.
The wyvern skeleton is severely damaged.
The wyvern skeleton bites you but does no damage.
The wyvern skeleton bites you!
You are too injured to fight recklessly!
You hit the wyvern skeleton.
The wyvern skeleton is severely damaged.
You block the wyvern skeleton's attack. The wyvern skeleton bites you!
You die...

.....####.#.#.##.#.#######.##.#
............#....#.# #.##.#
..............##.#.#######.##.#
.........................#.##.##
.........####..########.#......##
#........+ ......#####..#...#..##
##.......####.##.##.......#.#..##
.......................).......##
.PPPP...†####.##@##.#.####..#....
........†......Z.##............#.
###...................####.......
#..#.#..##...#####..#<.......#.
##...#..##...#####..#......#.#.
+...+..............#......#.#.
####...######.........#......#.#.
.......+..............#.#.####.#.
###....######.#.......#........#.


You could see a wyvern skeleton.

Vanquished Creatures
  Jessica (D:2)
  4 gnolls
  2 adders
  A worm (D:2)
  A dart slug (D:3)
  4 ball pythons
  8 endoplasms
  2 giant cockroaches
  3 goblins
  A hobgoblin (D:1)
  4 jackals (D:1)
  A quokka (D:2)
  3 bats
  5 frilled lizards
  4 kobolds (D:1)
  4 rats
48 creatures vanquished.

Vanquished Creatures (others)
  13 plants
13 creatures vanquished.

Grand Total: 61 creatures vanquished

Notes
Turn   | Place    | Note
-------+----------+-------------------------------------------
     0 | D:1      | garo1102 the Gargoyle Fighter began the quest for the Orb.
     0 | D:1      | Reached XP level 1. HP: 14/14 MP: 1/1
   321 | D:1      | Reached XP level 2. HP: 17/19 MP: 2/2
   726 | D:1      | Found a faded altar of an unknown god.
   849 | D:1      | Reached XP level 3. HP: 24/24 MP: 3/3
  1138 | D:2      | Noticed Jessica
  1141 | D:2      | Killed Jessica
  1156 | D:2      | Reached XP level 4. HP: 18/29 MP: 4/4
  1608 | D:2      | Reached skill level 4 in Fighting
  2147 | D:2      | Reached skill level 1 in Dodging
  2153 | D:2      | Reached XP level 5. HP: 12/33 MP: 5/5
  2704 | D:3      | Slain by a wyvern skeleton

Illustrated notes

Levels and vault maps discovered:
D:1:      dpeg_arrival_pond, layout_loops_ring,
          dreamdust_ecumenical_altar_angels_and_demons,
          nicolae_concentric_dashed_squares_wild
D:2:      layout_loops_ring, nicolae_grassy_gnolls, uniq_jessica
D:3:      layout_basic, mainiacjoe_overflow_boulevard, serial_shops,
          nicolae_shop_stone

Skill      XL: |  1  2  3  4 |
---------------+-------------+-----
Maces & Flails | 3 |  3.3
Fighting       | 4 |  4.2
Dodging        | 1 |  1.1
Armour         | |  3.9
Stealth        | |  0.1
Shields        | |  3.7
Evocations     | |  0.1

Action                   |  1- 3 |  4- 6 || total
-------------------------+-------+-------++-------
Melee: Flail             |    77 |    82 ||   159
Evoke: Wand              |       |     4 ||     4
Armor: Scale mail        |    54 |    33 ||    87
Dodge: Dodged            |    31 |    45 ||    76
Block: Buckler           |    21 |    12 ||    33

Table legend: (Time is in decaauts)
 A = Elapsed time spent in this place.
 B = Non-inter-level travel time spent in this place.
 C = Inter-level travel time spent in this place.
 D = Time resting spent in this place.
 E = Time spent auto-exploring this place.
 F = Levels seen in this place.
 G = Mean time per level.
                   A        B        C        D        E       F      G
               +--------+--------+--------+--------+--------+-----+--------+
         Total |   2752 |   2686 |     66 |    550 |   1564 |   3 |  917.3 |
       Dungeon |   2752 |   2686 |     66 |    550 |   1564 |   3 |  917.3 |
               +--------+--------+--------+--------+--------+-----+--------+

Top non-repeatable levels by time:
     D:1: 1513 daAuts
     D:2: 968 daAuts
     D:3: 270 daAuts
